 Dungeon Crawl Stone Soup version 0.25-a0-589-g1e14c549ee (webtiles) character file.

Game seed: 13027487933053782731, levelgen mode: deterministic

82 vurker the Gusty (level 4, 19/19 HPs)
             Began as a Felid Air Elementalist on Mar 10, 2020.
             Quit the game on level 2 of the Dungeon.
             The game lasted 00:03:36 (3125 turns).

vurker the Gusty (Felid Air Elementalist)           Turns: 3125, Time: 00:03:37

Health: 19/19      AC:  1    Str:  4    XL:     4   Next: 21%
Magic:  9/9        EV: 18    Int: 17    God:
Gold:   52         SH:  0    Dex: 16    Spells: 8/9 levels left
                                        Lives:  0   Deaths: 1

rFire    . . .     SeeInvis +   (weapon unavailable)
rCold    . . .     Gourm    .   (shield unavailable)
rNeg     . . .     Faith    .   (armour unavailable)
rPois    +         Spirit   .   (helmet unavailable)
rElec    .         Reflect  .   (cloak unavailable)
rCorr    .         Harm     .   (gloves unavailable)
MR       +....                  (boots unavailable)
Stlth    +++.......             (no amulet)
HPRegen  0.06/turn              i - ring of protection from magic
MPRegen  0.11/turn              j - ring of poison resistance

@: quick
A: very small, no armour, no weapons or thrown items, stealth, claws 1, fangs 3,
see invisible, carnivore, speed 1, shaggy fur 1, slow metabolism 1, sharp paws
a: no special abilities


You were on level 2 of the Dungeon.
You were completely stuffed.

You visited 1 branch of the dungeon, and saw 3 of its levels.

You collected 52 gold pieces.

Inventory:

Jewellery
 i - a ring of protection from magic (left paw)
   (You found it on level 2 of the Dungeon)
 j - a ring of poison resistance (right paw)
   (You found it on level 1 of the Dungeon)
Scrolls
 d - a scroll of enchant weapon {unknown}
 f - a scroll of random uselessness {unknown}
 g - 6 scrolls of identify {unknown}
 h - a scroll of immolation {unknown}
 k - 2 scrolls of fear {unknown}
 m - a scroll of remove curse {unknown}
Potions
 a - a potion of curing
 b - a potion of resistance {unknown}
 l - a potion of berserk rage {unknown}
 n - a potion of degeneration {unknown}
Comestibles
 c - a chunk of flesh
 e - 2 rations


   Skills:
 + Level 1.7 Fighting
 - Level 2.6 Dodging
 - Level 2.6 Stealth
 * Level 3.2 Spellcasting
 + Level 1.8 Conjurations
 * Level 3.6 Air Magic


You had 8 spell levels left.
You knew the following spells:

 Your Spells              Type           Power        Failure   Level  Hunger
a - Shock                 Conj/Air       ##..         5%          1    None

Your spell library contained the following spells:

 Spells                   Type           Power        Failure   Level  Hunger
 Swiftness                Chrm/Air       #.......     12%         2    ##.....
 Static Discharge         Conj/Air       ##......     17%         3    ###....
 Airstrike                Air            ###.......   36%         4    ####...
 Lightning Bolt           Conj/Air       ##........   83%         5    ######.


Dungeon Overview and Level Annotations

Branches:
Dungeon (3/15)

Altars:


Innate Abilities, Weirdness & Mutations

You cannot wear armour.
You are incapable of wielding weapons or throwing items.
Your paws allow you to move quietly. (Stealth)
You have sharp claws.
You have razor-sharp teeth.
You have supernaturally acute eyesight. (SInv)
You are carnivorous and can eat meat at any time.
You cover ground quickly.
You are covered in fur. (AC +1)
You have a slow metabolism.
Your sharp claws are effective at attacking unaware monsters.


Message History

Welcome back to level 4!
You can't see any susceptible monsters within range! (Use Z to cast anyway.)
You can't see any susceptible monsters within range! (Use Z to cast anyway.)
You see here a worker ant corpse.
You butcher the worker ant corpse.
c - 2 chunks of flesh Eating one of 2 chunks of flesh.
You eat one of the 2 chunks of flesh.
This raw flesh tastes great.
Eating a chunk of flesh.
You eat the chunk of flesh.
This raw flesh tastes great.
Found a stone staircase leading down.
There is a stone staircase leading down here.
An adder comes into view.
The adder hisses angrily.
Aim: an adder The zap hits the adder.
Aim: an adder (lightly wounded)
The zap hits the adder.
Aim: an adder (moderately wounded)
The zap hits the adder.
Aim: an adder (severely wounded)
You miscast Shock.
You are very lightly contaminated with residual magic.
Nothing appears to happen.
The adder barely misses you.
Aim: an adder (severely wounded)
The zap hits the adder.
You kill the adder!
You can't see any susceptible monsters within range! (Use Z to cast anyway.)
You can't see any susceptible monsters within range! (Use Z to cast anyway.)
Your magical contamination has completely faded away.
You butcher the adder corpse.
c - 2 chunks of flesh You see here an adder skeleton. x2
Eating one of 2 chunks of flesh.
You eat one of the 2 chunks of flesh.
This raw flesh tastes great.
Found a scroll labeled GUSOANK POTUQ.
m - a scroll labeled GUSOANK POTUQ You see here an adder skeleton.
There is a stone staircase leading down here.
You see here 19 arrows.
You see here a +1 vampiric short sword.
A hobgoblin comes into view. It is wielding a -2 club.
A hobgoblin is nearby!
A hobgoblin is nearby!
A hobgoblin is nearby!
A hobgoblin is nearby!
A hobgoblin is nearby!
You can't see any susceptible monsters within range! (Use Z to cast anyway.)
You can't see any susceptible monsters within range! (Use Z to cast anyway.)
You can't see any susceptible monsters within range! (Use Z to cast anyway.)

#.# #8#### #..# #. #.#
#..# ##..########. #.#
#P.# ###.....<......
#.# +..#
#.....########. #.#
#.P###.###.# #.
#.###### #...##)###.#
#. #......#
#.P.##..##.# #.
#.###### #........#.#
#. #.######
#..@...#.#.# #.
#......# #..8##.#...#
#. ########
#...#..##..########.
#..##.##...##.......
....#..##.#.##.######
.P#..#.###.#.##.#<....
8..#..#............####
##########.g
#.##.###.#.##.###
..#......#
#........##.##


You could see a hobgoblin (sleeping).

Vanquished Creatures
  A worker ant (D:2)
  4 gnolls (D:2)
  2 adders (D:2)
  2 worms (D:2)
  4 dart slugs
  A leopard gecko (D:1)
  2 orcs (D:3)
  5 bats
  A giant cockroach (D:2)
  5 goblins
  2 hobgoblins (D:1)
  4 jackals (D:3)
  4 kobolds
  6 frilled lizards
  4 rats
47 creatures vanquished.

Notes
Turn   | Place    | Note
-------+----------+-------------------------------------------
     0 | D:1      | vurker the Felid Air Elementalist began the quest for the
                  | Orb.
     0 | D:1      | Reached XP level 1. HP: 7/7 MP: 4/4
   150 | D:1      | Reached skill level 1 in Conjurations
   334 | D:1      | Reached XP level 2. HP: 12/12 MP: 4/6
  1413 | D:2      | Reached XP level 3. HP: 15/15 MP: 3/7
  1705 | D:2      | Reached skill level 1 in Fighting
  1813 | D:2      | Reached XP level 4. HP: 9/19 MP: 0/9
  2371 | D:2      | You fall into a shaft and drop 1 floor!
  2782 | D:2      | Succumbed to a worker ant's poison
  2783 | D:2      | Reached XP level 3. HP: 0/15 MP: 0/8
  2791 | D:2      | Reached XP level 4. HP: 16/19 MP: 5/9
  3125 | D:2      | Quit the game

Levels and vault maps discovered:
D:1:      saegor_arrival_simple_e, layout_loops_corners, minmay_hedge_maze
D:2:      layout_loops_ring, chequers_ecumenical_altar_lobes, serial_forest,
          infiniplex_forest_corner_2, infiniplex_forest_straight_4,
          infiniplex_forest_end_3, infiniplex_forest_clump_tiny
D:3:      layout_basic, uniq_ijyb

Skill      XL: |  1  2  3  4 |
---------------+-------------+-----
Conjurations   | 1 |  1.8
Air Magic      | 3 |  3.6
Fighting       | 1 |  1.7
Spellcasting   | 3 |  3.2
Dodging        | |  2.6
Stealth        | |  2.6

Action                   |  1- 3 |  4- 6 || total
-------------------------+-------+-------++-------
Melee: Unarmed           |    15 |     4 ||    19
       Bite              |     1 |       ||     1
 Cast: Shock             |    63 |    64 ||   127
  Use: Potion            |       |     2 ||     2
  Eat: Chunk             |    12 |     5 ||    17
Armor: Skin              |     1 |       ||     1
Dodge: Dodged            |    30 |    12 ||    42

Table legend:
 A = Non-vault XP
 B = Vault XP
 C = Vault XP percentage of total XP
 D = Non-vault monster count
 E = Vault monster count
 F = Vault count percentage of total count
                 A         B        C        D         E       F
            +---------+---------+-------+---------+---------+-------
      Total |     198 |       0 |   0.0 |      47 |       0 |   0.0
            +---------+---------+-------+---------+---------+-------
        D:1 |      22 |       0 |   0.0 |      14 |       0 |   0.0
        D:2 |     152 |       0 |   0.0 |      21 |       0 |   0.0
        D:3 |      24 |       0 |   0.0 |      12 |       0 |   0.0
            +---------+---------+-------+---------+---------+-------
